 Dungeon Crawl Stone Soup version 0.16.1-14-g82efdee (webtiles) character file.

91 KarvaRausku the Ruffian (level 4, 0/35 HPs)
             Began as a Draconian Transmuter on Apr 12, 2015.
             Succumbed to an adder's poison
             ... on level 2 of the Dungeon.
             The game lasted 00:05:18 (1394 turns).

KarvaRausku the Ruffian (Draconian Transmuter)      Turns: 1394, Time: 00:05:18

Health: 0/35       AC:  5    Str: 13    XL:     4   Next: 34%
Magic:  3/8        EV:  9    Int: 14    God:
Gold:   101        SH:  0    Dex: 11    Spells: 2 memorised, 4 levels left

rFire  . . .     SeeInvis .       - Unarmed
rCold  . . .     Clarity  .     (armour unavailable)
rNeg   . . .     SustAb   .     (no shield)
rPois  .         Gourm    .     (helmet restricted)
rElec  .         Spirit   .     (no cloak)
rCorr  .         Warding  .     (no gloves)
rMut   .         Stasis   .     (boots unavailable)
MR     .....                    (no amulet)
Stlth  +.........               (no ring)
                                n - -3 ring of evasion (curse)

@: lethally poisoned (0 -> -3), appendage, flying, very slightly contaminated,
hasted, very quick, not resistant to hostile enchantments, very unstealthy
A: unfitting armour, talons 3, cold-blooded, AC +5
a: End Transformation


You were on level 2 of the Dungeon.
You were not hungry.
You had grown temporary talons.
You visited 1 branch of the dungeon, and saw 2 of its levels.

You collected 101 gold pieces.

Inventory:

Hand weapons
 o - a +1 spear of piercing
Missiles
 b - 25 arrows
Armour
 e - a +0 fire dragon armour
Jewellery
 n - a cursed -3 ring of evasion (left hand)
Scrolls
 i - a scroll of amnesia {unknown}
 j - a scroll of remove curse {unknown}
 k - a scroll of fear {unknown}
 l - a scroll of identify {unknown}
 m - a scroll of fog {unknown}
Books
 d - a book of Changes

   Spells                             Type                      Level
   a - Beastly Appendage              Transmutation                1
   b - Sticks to Snakes               Transmutation                2
   c - Spider Form                    Transmutation/Poison         3
   d - Ice Form                       Ice/Transmutation            4
   e - Blade Hands                    Transmutation                5
Comestibles
 a - 4 bread rations
 g - 2 meat rations
 p - 2 chunks of flesh


   Skills:
 + Level 1.5 Fighting
 - Level 1.7 Dodging
 + Level 3.6 Unarmed Combat
 + Level 2.5 Spellcasting
 * Level 3.5 Transmutations
 + Level 0.2 Poison Magic


You had 4 spell levels left.
You knew the following spells:

 Your Spells              Type           Power        Failure   Level  Hunger
a - Beastly Appendage     Trmt           ##....       6%          1    #......
b - Spider Form           Trmt/Pois      #.........   30%         3    ###....


Dungeon Overview and Level Annotations

Branches:
Dungeon (2/15)

Altars:


Innate Abilities, Weirdness & Mutations

Your plain brown scales are hard (AC +5).
Your body does not fit into most forms of armour.
Your cold-blooded metabolism reacts poorly to cold.
You have claws for feet.


Message History

You feel sick.
Casting: Spider Form
Confirm with . or Enter, or press ? or * to list all spells.
Okay, then.
Casting: Spider Form
Confirm with . or Enter, or press ? or * to list all spells.
Your transformation has ended.
Your feet morph into talons.
Casting: Beastly Appendage
Confirm with . or Enter, or press ? or * to list all spells.
You fail to extend your transformation any further.
* * * LOW HITPOINT WARNING * * *
You feel sick.
There is a lethal amount of poison in your body!
There is a lethal amount of poison in your body!
There is a lethal amount of poison in your body!
There is a lethal amount of poison in your body!
* * * LOW HITPOINT WARNING * * *
You feel sick.
You die...

## ... .## #.#
..## #.# ...# #.#
..## #.# .## ##.##
## ... # ### #.#
#######.########@#
....##..%........#
###.###.##########
#.....# #######


There were no monsters in sight!

Vanquished Creatures
  2 adders (D:2)
  3 gnolls (D:2)
  A giant gecko (D:1)
  4 bats
  4 giant cockroaches (D:1)
  2 hobgoblins
  6 jackals (D:2)
  2 kobolds
  3 giant newts
  10 goblins
  6 rats
43 creatures vanquished.

Notes
Turn   | Place    | Note
--------------------------------------------------------------
     0 | D:1      | KarvaRausku, the Draconian Transmuter, began the quest for the Orb.
     0 | D:1      | Reached XP level 1. HP: 16/16 MP: 3/3
   148 | D:1      | Reached XP level 2. HP: 14/23 MP: 2/4
   879 | D:2      | Reached XP level 3. HP: 26/28 MP: 6/6
   884 | D:2      | Learned a level 3 spell: Spider Form
  1190 | D:2      | Reached XP level 4. HP: 27/35 MP: 8/8
  1389 | D:2      | HP: 1/35 [poisoned by an adder]
  1394 | D:2      | Succumbed to an adder's poison

Action                   |  1- 3 |  4- 6 || total
-------------------------+-------+-------++-------
Melee: Unarmed           |   120 |    22 ||   142
 Cast: Beastly Appendage |    13 |     2 ||    15
       Spider Form       |     2 |     4 ||     6
  Use: Potion            |       |     3 ||     3
  Eat: Chunk             |     1 |     2 ||     3
